 Dungeon Crawl Stone Soup version bcrawl-1.17.3 (webtiles) character file.

Game seed: 1248457228638235548

3796 JackS81 the Basher (level 10, -4/104 HPs)
             Began as an Ogre Reaver on Oct 29, 2019.
             Was an Elder of Vehumet.
             Slain by a red ugly thing (22 damage)
             ... on level 8 of the Dungeon on Oct 30, 2019.
             The game lasted 00:46:26 (8798 turns).

JackS81 the Basher (Ogre Reaver)                    Turns: 8798, Time: 00:46:27

Health: -4/104     AC:  6    Str: 18    XL:     10   Next: 16%
Magic:  14/20      EV: 12    Int: 17    God:    Vehumet [****..]
Gold:   360        SH:  0    Dex:  9    Spells: 10/22 levels left

rFire    . . .     SeeInvis .   a - +0 flail
rCold    . . .     Gourm    .   (no shield)
rNeg     . . .     Faith    .   b - +0 steam dragon scales
rPois    .         Spirit   .   (helmet restricted)
rElec    .         Reflect  .   (no cloak)
rCorr    .         Harm     .   (gloves unavailable)
MR       +....                  (boots unavailable)
Stlth    +.........             I - amulet of magic regeneration
HPRegen  0.27/turn              P - ring of wizardry
MPRegen  0.42/turn              l - +2 ring of intelligence

@: no status effects
A: large, unfitting armour, tough skin 1
a: Renounce Religion


You were on level 8 of the Dungeon.
You worshipped Vehumet.
Vehumet was greatly pleased with you.
You were not hungry.

You visited 1 branch of the dungeon, and saw 8 of its levels.
You also visited: Ossuary.

You collected 514 gold pieces.
You spent 154 gold pieces at shops.

Inventory:

Hand Weapons
 a - a +0 flail (weapon)
 e - a +0 mace
 L - a +0 hand crossbow
 R - a +0 giant club
Missiles
 g - 1567 arrows
 n - 1357 stones (quivered)
 x - 83 tomahawks
 M - 861 bolts
Armour
 b - +0 steam dragon scales (worn)
 N - a +0 troll leather armour
Jewellery
 l - a +2 ring of intelligence (right hand)
 y - an uncursed ring of teleportation
 A - a +3 ring of protection
 B - a +6 ring of protection
 I - an amulet of magic regeneration (around neck)
 P - a ring of wizardry (left hand)
 Q - an uncursed amulet of guardian spirit
Wands
 G - a wand of iceblast (15)
Scrolls
 h - a scroll of noise {unknown}
 i - a scroll of blinking {unknown}
 k - 3 scrolls of teleportation
 m - 5 scrolls of enchant weapon {unknown}
 p - 4 scrolls of amnesia {unknown}
 r - a scroll of remove curse
 s - 9 scrolls of identify
 u - 4 scrolls of magic mapping {unknown}
 F - 2 scrolls of fog {unknown}
 K - 3 scrolls of enchant armour {unknown}
 O - a scroll of fear {unknown}
Potions
 d - 2 potions of ambrosia {unknown}
 j - a potion of lignification
 o - a potion of magic {unknown}
 q - a potion of invisibility {unknown}
 t - a potion of flight
 v - 3 potions of agility
 w - 2 potions of mutation {unknown}
 z - a potion of brilliance {unknown}
 C - a potion of cancellation {unknown}
 D - 3 potions of curing
 E - a potion of resistance {unknown}
 H - a potion of might {unknown}
Comestibles
 c - 5 chunks of flesh
 f - 13 rations {!d}


   Skills:
 + Level 7.7 Fighting
 + Level 9.9 Maces & Flails
 + Level 5.4 Dodging
 * Level 6.7 Spellcasting
 * Level 4.8 Conjurations
 * Level 4.6 Charms
 - Level 1.0 Earth Magic


You had 10 spell levels left.
You knew the following spells:

 Your Spells              Type           Power        Failure   Level  Hunger
a - Shock                 Conj/Air       ##...        1%          1    None
b - Iskenderun's Battles  Conj/Chrm      ###.....     5%          5    #####..
c - Mephitic Cloud        Conj/Pois/Air  ##......     2%          3    ##.....
d - Stone Arrow           Conj/Erth      ###...       1%          3    ##.....

Your spell library contained the following spells:

 Spells                   Type           Power        Failure   Level  Hunger
 Sticky Flame             Conj/Fire      ##......     5%          4    ####...
 Infusion                 Chrm           ###.....     1%          1    None
 Dazzling Spray           Conj/Hex       ##....       1%          3    ##.....
 Corona                   Hex            #......      4%          1    None
 Ensorcelled Hibernation  Hex/Ice        #.....       8%          2    None
 Confuse                  Hex            #.......     14%         3    ##.....
 Tukima's Dance           Hex            #.......     14%         3    ##.....


Dungeon Overview and Level Annotations

Branches:
Dungeon (8/12)             Temple (0/1) D:7
   Lair: D:7-9          Orc: D:8-11

Altars:
Ashenzari
Cheibriados
Dithmenos
Elyvilon
Gozag
Hepliaklqana
Kikubaaqudgha
Lugonu
Okawaru
Qazlal
Sif Muna
Trog
Vehumet
Wu Jian
Xom
Yredelemnul

Shops:
D:4 !

Annotations:
D:3 2 transporters, dscm's ghost, weakling OpAc
D:5 2 transporters, dittoslash's ghost, amateur FeMo
D:7 3 runed translucent doors, cirnu's ghost, novice VSFi


Innate Abilities, Weirdness & Mutations

You are too large for most types of armour.
You have tough skin. (AC +1)


Message History

t - Shout!
Orders for allies: a - Attack new target. p - Attack previous target. r - Retreat! s - Stop attacking. g - Guard the area. f - Follow me.
Anything else - Cancel.
Gang up on whom?
Press: ? - help, Dir - move target cursor, f/p - red ugly thing
Aim: a red ugly thing (lightly wounded) Attack!
The red ugly thing barely misses you.
Casting: Stone Arrow (safe; 1% risk of failure)
Confirm with . or Enter, or press ? or * to list all spells.
Aiming: Shock (safe; 1% risk of failure)
Press: ? - help, Shift-Dir - straight line, f/p - red ugly thing
Aim: a red ugly thing (lightly wounded)
The zap hits the red ugly thing.
The red ugly thing is lightly wounded.
The red ugly thing tail-slaps you.
* * * LOW HITPOINT WARNING * * *
You are engulfed in flames!!
You die...

..............# #..
#######.......##+###.O
... #........#...#..
... #........'...#..
.. +.......÷#...'.. #.
##.####.###.####
##*###.####.###.###
+..........÷..'....
#..@u.........#....
########+###.###..# .#
..# .. ... ... ...'
..###


You could see a red ugly thing and a friendly battlesphere (wandering).

Vanquished Creatures
  Joseph (D:7)
  2 trolls
  A hippogriff (D:6)
  Prince Ribbit (D:6)
  5 yaks (D:8)
  A sky beast (D:5)
  An ice beast (D:8)
  An orc warrior (D:7)
  An ogre (D:8)
  A black bear (D:6)
  2 centaurs
  A bullfrog (D:6)
  A troll zombie (Ossuary)
  2 scorpions
  A howler monkey (D:5)
  3 crimson imps
  4 centaur zombies
  4 hounds
  A bullfrog skeleton (D:4)
  4 orc wizards (D:4)
  An iguana (D:4)
  4 worker ants
  An ogre zombie (Ossuary)
  A hound zombie (D:7)
  8 mummies
  A howler monkey skeleton (D:7)
  4 gnolls
  7 adders
  4 shadow imps
  2 oozes
  5 adder zombies (Ossuary)
  An adder skeleton (D:6)
  5 worms
  4 dart slugs
  3 leopard geckos
  25 orcs
  A ball python (D:2)
  3 giant cockroaches
  A gnoll zombie (Ossuary)
  8 goblins
  10 hobgoblins
  12 jackals
  12 kobolds
  4 quokkas
  6 bats
  8 frilled lizards
  3 goblin zombies (Ossuary)
  3 hobgoblin zombies (Ossuary)
  4 kobold zombies
  2 orc zombies (D:5)
  A quokka skeleton (D:4)
  3 quokka zombies
  6 rats
  4 rat zombies (Ossuary)
205 creatures vanquished.

Notes
Turn   | Place    | Note
-------+----------+-------------------------------------------
     0 | D:1      | JackS81 the Ogre Reaver began the quest for the Orb.
     0 | D:1      | Reached XP level 1. HP: 24/24 MP: 3/3
    16 | D:1      | Reached XP level 2. HP: 31/32 MP: 5/5
    78 | D:1      | Reached skill level 4 in Maces & Flails
   271 | D:1      | Reached XP level 3. HP: 40/40 MP: 6/6
   332 | D:1      | Reached * piety under Vehumet
   332 | D:1      | Offered knowledge of Shock by Vehumet.
  1233 | D:2      | Found a stormy altar of Qazlal.
  1275 | D:2      | Reached XP level 4. HP: 33/49 MP: 7/7
  1479 | D:2      | Reached skill level 5 in Maces & Flails
  1693 | D:2      | Learned a level 1 spell: Shock
  1756 | D:2      | Reached skill level 5 in Fighting
  1756 | D:2      | Reached XP level 5. HP: 51/57 MP: 6/9
  1993 | D:2      | Learned a level 5 spell: Iskenderun's Battlesphere
  2140 | D:3      | Reached ** piety under Vehumet
  2226 | D:3      | Found a transporter.
  2269 | D:3      | Noticed an ogre
  2269 | D:3      | Noticed dscm's ghost (weakling OpAc)
  2271 | D:3      | Noticed an ogre
  2286 | D:3      | Offered knowledge of Freeze by Vehumet.
  2307 | D:3      | Found a transporter.
  2425 | D:3      | Reached XP level 6. HP: 42/66 MP: 6/10
  2649 | D:3      | Found an ornate altar of the Wu Jian Council.
  2941 | D:4      | Reached skill level 1 in Conjurations
  3065 | D:4      | Offered knowledge of Mephitic Cloud by Vehumet.
  3071 | D:4      | Reached skill level 6 in Maces & Flails
  3103 | D:4      | Found a sand-covered staircase.
  3112 | Ossuary  | Entered an ossuary
  3129 | Ossuary  | Reached skill level 1 in Charms
  3283 | Ossuary  | Learned a level 3 spell: Mephitic Cloud
  3363 | Ossuary  | Reached *** piety under Vehumet
  3422 | Ossuary  | Reached XP level 7. HP: 53/72 MP: 12/12
  3709 | Ossuary  | HP: 2/72 [troll zombie (7)]
  4324 | Ossuary  | Offered knowledge of Stone Arrow by Vehumet.
  4512 | D:4      | Found a radiant altar of Vehumet.
  4512 | D:4      | Found an ancient bone altar of Kikubaaqudgha.
  4519 | D:4      | Reached skill level 7 in Maces & Flails
  4520 | D:4      | Found a shimmering blue altar of Sif Muna.
  4526 | D:4      | Identified Sif Muna's Papyrus of Talismans
  4549 | D:4      | Found Kyichogh's Distillery.
  4556 | D:4      | Bought 2 potions of heal wounds for 140 gold pieces
  4556 | D:4      | Bought a potion of degeneration for 14 gold pieces
  4691 | D:4      | Found a shimmering altar of Xom.
  4851 | D:4      | Learned a level 3 spell: Stone Arrow
  4897 | D:5      | Entered Level 5 of the Dungeon
  4923 | D:5      | Reached XP level 8. HP: 36/81 MP: 14/14
  5505 | D:5      | Reached **** piety under Vehumet
  5563 | D:5      | Found a transporter.
  5564 | D:5      | Noticed dittoslash's ghost (amateur FeMo)
  5571 | D:5      | Identified the +9 dire flail "Sitaypia" {drain, +Rage rN++
                  | Int+4 Dex-5}
  5577 | D:5      | Found a transporter.
  6161 | D:6      | Reached skill level 8 in Maces & Flails
  6276 | D:6      | Found a shadowy altar of Dithmenos.
  6306 | D:6      | Noticed a hippogriff
  6319 | D:6      | Killed a hippogriff
  6909 | D:7      | Noticed a troll
  6925 | D:7      | Killed a troll
  6925 | D:7      | Offered knowledge of Sticky Flame by Vehumet.
  6925 | D:7      | Reached skill level 5 in Spellcasting
  6925 | D:7      | Reached XP level 9. HP: 52/92 MP: 16/16
  7108 | D:7      | Noticed Prince Ribbit
  7112 | D:7      | Noticed a troll
  7136 | D:6      | Killed a troll
  7399 | D:6      | Killed Prince Ribbit
  7399 | D:6      | Reached skill level 9 in Maces & Flails
  7399 | D:6      | Reached skill level 1 in Earth Magic
  7591 | D:7      | Found a staircase to the Ecumenical Temple.
  7762 | D:7      | Found a basalt altar of Yredelemnul.
  7762 | D:7      | Found a snail-covered altar of Cheibriados.
  7763 | D:7      | Found a corrupted altar of Lugonu.
  7812 | D:7      | Found a hazy altar of Hepliaklqana.
  7827 | D:7      | Found a bloodstained altar of Trog.
  7834 | D:7      | Found a shattered altar of Ashenzari.
  7834 | D:7      | Found a white marble altar of Elyvilon.
  7834 | D:7      | Noticed Joseph
  7874 | D:7      | Killed Joseph
  7874 | D:7      | Reached skill level 5 in Dodging
  8164 | D:7      | Found a runed translucent gate.
  8169 | D:7      | Found a runed translucent gate.
  8169 | D:7      | Found an opulent altar of Gozag.
  8169 | D:7      | Found a runed translucent gate.
  8170 | D:7      | Noticed cirnu's ghost (novice VSFi)
  8227 | D:7      | Found an ornate altar of the Wu Jian Council.
  8286 | D:8      | Found an iron altar of Okawaru.
  8680 | D:8      | Reached XP level 10. HP: 102/102 MP: 12/19
  8785 | D:8      | Noticed a red ugly thing
  8798 | D:8      | Slain by a red ugly thing

Skill      XL: |  1  2  3  4  5  6  7  8  9 |
---------------+----------------------------+-----
Maces & Flails | 4 5 6 7 8 9 |  9.9
Dodging        | 3 4 5 |  5.4
Fighting       | 5 6 7 |  7.7
Spellcasting   | 3 4 5 6 |  6.7
Conjurations   | 1 2 3 4 |  4.8
Charms         | 1 2 3 4 |  4.6
Earth Magic    | 1 |  1.0

Action                   |  1- 3 |  4- 6 |  7- 9 | 10-12 || total
-------------------------+-------+-------+-------+-------++-------
Melee: Flail             |   123 |   296 |   391 |    17 ||   827
 Cast: Shock             |       |    30 |    68 |    11 ||   109
       Mephitic Cloud    |       |       |     8 |     1 ||     9
       Stone Arrow       |       |       |    12 |     1 ||    13
       Iskenderun's Batt |       |       |     5 |     2 ||     7
  Use: Scroll            |     3 |       |     3 |       ||     6
       Potion            |       |       |     8 |     2 ||    10
 Stab: Confused          |       |       |     7 |       ||     7
  Eat: Chunk             |     1 |     7 |    14 |     1 ||    23
       Ration            |       |       |     2 |       ||     2
Armor: Steam dragon scal |    54 |   154 |   130 |     1 ||   339
       Skin              |       |       |    11 |     9 ||    20
Dodge: Dodged            |    82 |   216 |   202 |     8 ||   508
